 Dungeon Crawl Stone Soup version 0.26-a0-113-gd8a95b691d (webtiles) character file.

Game seed: 13076391763608872131

561 kae the Cleaver (level 7, -6/64 HPs)
             Began as a Hill Orc Fighter on June 26, 2020.
             Was an Initiate of Qazlal.
             Mangled by Duvessa
             ... wielding a +0 rapier
              (8 damage)
             ... on level 6 of the Dungeon.
             The game lasted 00:02:45 (4637 turns).

kae the Cleaver (Hill Orc Fighter)                  Turns: 4637, Time: 00:02:45

Health: -6/64      AC: 10    Str: 21    XL:     7   Next: 31%
Magic:  7/7        EV:  7    Int:  8    God:    Qazlal [......]
Gold:   320        SH:  9    Dex: 10    Spells: 6/6 levels left

rFire    . . .     SeeInvis .   a - +1 war axe
rCold    . . .     Faith    .   c - +0 kite shield
rNeg     . . .     Spirit   .   b - +0 scale mail
rPois    .         Reflect  .   m - +0 helmet
rElec    .         Harm     .   k - +0 cloak
rCorr    .                      (no gloves)
MR       .....                  g - +0 pair of boots
Stlth    ..........             (no amulet)
HPRegen  0.20/turn              (no ring)
MPRegen  0.10/turn              (no ring)

@: no status effects
A: no striking features
a: Renounce Religion


You were on level 6 of the Dungeon.
You worshipped Qazlal.
Qazlal was noncommittal.
You were not hungry.

You visited 1 branch of the dungeon, and saw 5 of its levels.

You collected 320 gold pieces.

Inventory:

Hand Weapons
 a - a +1 war axe (weapon)
Armour
 b - a +0 scale mail (worn)
 c - a +0 kite shield (worn)
 g - a +0 pair of boots (worn)
 k - a +0 cloak (worn)
 m - a +0 helmet (worn)
Jewellery
 l - an uncursed ring of protection from cold
 q - a +4 ring of evasion {unknown}
Wands
 i - a wand of flame (6)
Scrolls
 e - a scroll of identify
 s - a scroll of blinking
Potions
 d - 3 potions of might
 h - 2 potions of brilliance
 j - 2 potions of cancellation {unknown}
 n - a potion of ambrosia {unknown}
 o - a potion of berserk rage {unknown}
 p - a potion of stabbing {unknown}
 r - 2 potions of curing {unknown}
 t - a potion of haste
 u - 2 potions of lignification {unknown}
Comestibles
 f - 3 rations


   Skills:
 + Level 6.3 Fighting
 * Level 8.6 Axes
 - Level 3.2 Armour
 - Level 3.2 Shields


You had 6 spell levels left.
You didn't know any spells.
Your spell library was empty.

Dungeon Overview and Level Annotations

Branches:
Dungeon (4/15)
 Temple: D:4-7

Altars:
Qazlal

Annotations:
D:6 Duvessa


Message History

You are too injured to fight recklessly!
You are too injured to fight recklessly!
You are too injured to fight recklessly!
You are too injured to fight recklessly!
You are too injured to fight recklessly!
You hit Dowan but do no damage.
Dowan is heavily wounded.
You hit Duvessa but do no damage. You barely miss the ogre.
You block the ogre's attack. Duvessa hits you but does no damage.
Dowan points at you and mumbles some strange words.
The puff of flame hits you.
You slash Dowan!
You kill Dowan!
Qazlal accepts your kill.
Duvessa weeps, then rights herself and shakes her weapon.
Duvessa goes berserk!
You hit Duvessa. You hit the ogre.
The ogre hits you with a +0 giant club!!
* * * LOW HITPOINT WARNING * * *
Duvessa hits you with a +0 rapier!
You die...

.......>.#######.#
#####............###
#.#.####.......#
#.............#.#
#..#.####.#...#
#..#<# #.....# #.
#.# #.#.#.# #. #.
#.#.#.#.# #@......#
......e)O...###
#...###.#.### #.
#.#.# #.#.# ... #
... ...


You could see Duvessa (berserk) and an ogre.

Vanquished Creatures
  A bullfrog (D:2)
  Dowan (D:6)
  A scorpion (D:6)
  An orc priest (D:3)
  Jessica (D:3)
  Natasha (thrice) (D:3)
  Terence (D:2)
  A worker ant (D:2)
  Robin (D:3)
  7 adders
  2 oozes
  3 worms
  5 dart slugs
  5 leopard geckos
  6 orcs (D:3)
  6 giant cockroaches
  15 goblins
  11 hobgoblins
  11 jackals
  8 kobolds
  2 ball pythons
  9 bats
  7 frilled lizards
  12 rats
120 creatures vanquished.

Notes
Turn   | Place    | Note
-------+----------+-------------------------------------------
     0 | D:1      | kae the Hill Orc Fighter began the quest for the Orb.
     0 | D:1      | Reached XP level 1. HP: 19/19 MP: 1/1
    51 | D:1      | Reached skill level 3 in Axes
   335 | D:1      | Reached XP level 2. HP: 27/27 MP: 2/2
   452 | D:1      | Reached skill level 4 in Axes
   482 | D:1      | Reached XP level 3. HP: 33/33 MP: 3/3
  1052 | D:2      | Noticed a bullfrog
  1055 | D:2      | Killed a bullfrog
  1055 | D:2      | Reached skill level 5 in Axes
  1055 | D:2      | Reached XP level 4. HP: 35/41 MP: 4/4
  1241 | D:2      | Noticed Terence
  1247 | D:2      | Reached XP level 5. HP: 42/47 MP: 5/5
  1250 | D:2      | Killed Terence
  1253 | D:2      | Reached skill level 5 in Fighting
  1253 | D:2      | Reached skill level 6 in Axes
  1914 | D:2      | Reached XP level 6. HP: 56/56 MP: 6/6
  2082 | D:3      | Reached skill level 7 in Axes
  2678 | D:3      | Found a faded altar of an unknown god.
  3192 | D:3      | Noticed Robin
  3218 | D:3      | Killed Robin
  3474 | D:3      | Noticed Jessica
  3480 | D:3      | Killed Jessica
  3535 | D:3      | Noticed Natasha
  3545 | D:3      | Killed Natasha
  3703 | D:3      | Found a faded altar of an unknown god.
  3839 | D:3      | Noticed Natasha
  3843 | D:3      | Killed Natasha
  3989 | D:3      | Noticed Natasha
  3994 | D:3      | Killed Natasha
  3994 | D:3      | Reached skill level 8 in Axes
  3994 | D:3      | Reached XP level 7. HP: 46/63 MP: 7/7
  4527 | D:4      | You fall into a shaft and drop 2 floors!
  4527 | D:6      | Found a stormy altar of Qazlal.
  4573 | D:6      | Became a worshipper of Qazlal Stormbringer
  4625 | D:6      | Noticed Dowan
  4626 | D:6      | Noticed Duvessa
  4637 | D:6      | Killed Dowan
  4637 | D:6      | HP: 2/64 [ogre/+0 giant club (28)]
  4637 | D:6      | Mangled by Duvessa

Illustrated notes

Levels and vault maps discovered:
D:1:      heliophobic_arrival_battle_scene, layout_loops_cross
D:2:      layout_loops_ring, minmay_vboxes, uniq_terence
D:3:      layout_basic, chequers_ecumenical_altar_island, uniq_jessica,
          uniq_robin, uniq_natasha
D:4:      layout_basic, minmay_temple_entry_hall, first_ration, uniq_pikel
D:6:      layout_loops_ring, grunt_qazlal_clouds, lemuel_crystal_altar,
          kennysheep_mini, st_stairs_13, uniq_grinder, uniq_duvessa,
          uniq_menkaure

Skill      XL: |  1  2  3  4  5  6 |
---------------+-------------------+-----
Axes           | 3 4 5 6 8 |  8.6
Fighting       | 4 5 6 |  6.3
Armour         | |  3.2
Shields        | |  3.2

Action                   |  1- 3 |  4- 6 |  7- 9 || total
-------------------------+-------+-------+-------++-------
Melee: War axe           |    87 |   202 |    32 ||   321
  Use: Scroll            |       |     6 |       ||     6
       Potion            |       |     1 |       ||     1
  Eat: Chunk             |     1 |     8 |       ||     9
       Ration            |       |       |     1 ||     1
Armor: Scale mail        |    32 |   102 |    13 ||   147
Dodge: Dodged            |    32 |    68 |     8 ||   108
Block: Kite shield       |    35 |   114 |    14 ||   163

Table legend:
 A = Non-vault XP
 B = Vault XP
 C = Vault XP percentage of total XP
 D = Non-vault monster count
 E = Vault monster count
 F = Vault count percentage of total count
                 A         B        C        D         E       F
            +---------+---------+-------+---------+---------+-------
      Total |     538 |     264 |  32.9 |      95 |      25 |  20.8
            +---------+---------+-------+---------+---------+-------
        D:1 |      50 |       0 |   0.0 |      26 |       0 |   0.0
        D:2 |     181 |      89 |  33.0 |      24 |      11 |  31.4
        D:3 |     206 |     106 |  34.0 |      40 |      13 |  24.5
        D:4 |      18 |       0 |   0.0 |       2 |       0 |   0.0
        D:6 |      83 |      69 |  45.4 |       3 |       1 |  25.0
            +---------+---------+-------+---------+---------+-------
